General information
- name: BNet
- type: Ladder 1vs1/FFA
- host: Battle.net
- saver: IIIllIlIIllIIIl
map: LostTemple
- players: 2
- length: 18:30
- speed: Fast
- version: 1.26 W3XP
- replay type: Public
» download(58 KB)
Players
team 1 (winner)

»
IIIllIlIIllIIIl (
blue | 78 APM | 1448 actions | 18:30)
5 Blademaster
2 Wind Walk
3 Critical Strike
4 Shadow Hunter
2 Hex
2 Healing Wave
3 Tauren Chieftain
1 Endurance Aura
2 War Stomp
» actions
| Assign group hotkey | 62 | |
| Basic commands | 56 | |
| Build / train | 74 | |
| ESC pressed | 3 | |
| Enter build submenu | 23 | |
| Enter hero's abilities submenu | 12 | |
| Give item / drop item | 12 | |
| Remove unit from queue | 1 | |
| Right click | 477 | |
| Select / deselect | 228 | |
| Select group hotkey | 416 | |
| Use ability | 83 | |
1448 total
» units
| Peon | 14 | |
| Grunt | 4 | |
| Goblin Shredder | 3 | |
| Shaman | 2 | |
| Troll Witch Doctor | 2 | |
| Tauren | 2 | |
| Spirit Walker | 1 | |
28 total
» upgrades
| Shaman Training | 2 | |
| Witch Doctor Training | 2 | |
| Melee Weapons | 4 | |
| Armor | 3 | |
| Pulverize | 1 | |
| Reinforced Defenses | 1 | |
| Spirit Walker Training | 2 | |
| Troll Regeneration | 1 | |
16 total
» buildings
| Altar of Storms | 1 | |
| Orc Burrow | 8 | |
| Barracks | 1 | |
| Voodoo Lounge | 3 | |
| Stronghold | 1 | |
| Great Hall | 2 | |
| Spirit Lodge | 2 | |
| Fortress | 3 | |
| War Mill | 2 | |
| Tauren Totem | 3 | |
26 total
» build order
00:08 Altar of Storms
00:13 Orc Burrow
00:41 Barracks
01:31 Orc Burrow
01:50 Voodoo Lounge
02:54 Stronghold
03:46 Great Hall
04:06 Orc Burrow
04:41 Orc Burrow
05:29 Spirit Lodge
06:16 Spirit Lodge
07:43 Fortress
07:43 Fortress
09:14 Orc Burrow
09:14 Orc Burrow
09:14 Orc Burrow
09:16 War Mill
10:31 Tauren Totem
10:31 Tauren Totem
10:31 Tauren Totem
11:39 Voodoo Lounge
11:43 Voodoo Lounge
14:06 War Mill
14:13 Orc Burrow
15:17 Great Hall
» items
| Healing Salve | 2 | |
| Scroll of Speed | 2 | |
| Boots of Speed | 2 | |
| Orb of Lightning | 3 | |
| Scroll of Town Portal | 1 | |
10 total
team 2 (loser)
shadowzz (
red | 71 APM | 1321 actions | 18:29)
3 Death Knight
2 Death Coil
1 Death Pact
» actions
| Assign group hotkey | 18 | |
| Basic commands | 4 | |
| Build / train | 54 | |
| Enter build submenu | 20 | |
| Enter hero's abilities submenu | 3 | |
| Remove unit from queue | 3 | |
| Right click | 683 | |
| Select / deselect | 381 | |
| Select group hotkey | 127 | |
| Use ability | 28 | |
1321 total
» units
| Acolyte | 9 | |
| Ghoul | 6 | |
| Crypt Fiend | 12 | |
| Frost Wyrm | 3 | |
30 total
» upgrades
| Creature Carapace | 3 | |
| Creature Attack | 3 | |
| Web | 1 | |
| Burrow | 1 | |
| Freezing Breath | 1 | |
9 total
» buildings
| Crypt | 3 | |
| Ziggurat | 7 | |
| Graveyard | 1 | |
| Nerubian Tower | 4 | |
| Altar of Darkness | 1 | |
| Halls of the Dead | 1 | |
| Spirit Tower | 1 | |
| Black Citadel | 1 | |
| Sacrificial Pit | 1 | |
| Boneyard | 2 | |
| Slaughterhouse | 1 | |
| Tomb of Relics | 1 | |
24 total
» build order
00:07 Crypt
00:20 Ziggurat
00:47 Graveyard
01:03 Ziggurat
01:21 Nerubian Tower
01:21 Nerubian Tower
01:22 Nerubian Tower
01:52 Altar of Darkness
03:30 Halls of the Dead
04:25 Ziggurat
05:00 Ziggurat
05:46 Spirit Tower
06:36 Black Citadel
08:13 Crypt
08:45 Sacrificial Pit
09:07 Crypt
10:19 Boneyard
10:23 Boneyard
10:36 Ziggurat
10:39 Ziggurat
13:01 Slaughterhouse
15:13 Ziggurat
16:03 Tomb of Relics
Chat log
(07:54 / All) IIIllIlIIllIIIl: LOL
(07:56 / All) IIIllIlIIllIIIl: LEAVE
(08:08 / All) shadowzz: i was afk u fukhead
(08:11 / All) IIIllIlIIllIIIl: LEAVE
(08:32 / All) shadowzz: watch me still pwn ur noob ass
(08:39 / All) IIIllIlIIllIIIl: YOU STINK
(09:17 / All) shadowzz: talking mad shyt when i was afk
(09:24 / All) IIIllIlIIllIIIl: YOU SENT YOUR ARMY MIDDLE
(09:26 / All) IIIllIlIIllIIIl: AND LOST YOUR HERO
(09:32 / All) IIIllIlIIllIIIl: YOU WERENT AFK I SAW YOU FLAILING AROUND
(09:32 / All) shadowzz: bet u cant beat me when i play not afk
(09:39 / All) shadowzz: i jhust got here
(09:40 / All) shadowzz: stupid
(09:42 / All) IIIllIlIIllIIIl: LOL
(09:44 / All) shadowzz: watch replay
(09:46 / All) IIIllIlIIllIIIl: HOW DID YOUR ARMY GET MIDDLE
(09:50 / All) IIIllIlIIllIIIl: AND WHY WAS IT FLAILING AROUND
(09:56 / All) shadowzz: i went away fro awhil;e
(09:58 / All) shadowzz: duh
(10:07 / All) shadowzz: learn some common sense
(11:05 / All) IIIllIlIIllIIIl: hERE NOOB
(11:07 / All) IIIllIlIIllIIIl: KILL MY GRUNTS
(11:09 / All) IIIllIlIIllIIIl: I DONT NEED THEM
(11:11 / All) shadowzz: sad if u lose, cuz my workers didnt get gold
(11:18 / All) IIIllIlIIllIIIl: LOL
(11:19 / All) IIIllIlIIllIIIl: YOU WENT AFK
(11:23 / All) IIIllIlIIllIIIl: AND YOUR GUYS STOPPED OWRKING?
(11:32 / All) shadowzz: i was afk 2 x
(11:36 / All) shadowzz: in the beggining
(11:39 / All) shadowzz: n middle
(11:48 / All) IIIllIlIIllIIIl: I WOULD ADVISE YOU GO AFK FOR THE END TOO
(11:53 / All) IIIllIlIIllIIIl: IT IS GOING TO BE THE WORST PART
(11:54 / All) IIIllIlIIllIIIl: FOR YOU
(12:02 / All) shadowzz: lmao
(13:14 / All) shadowzz: sad if u lose
(13:21 / All) IIIllIlIIllIIIl: SAD IF YOU LIE
(13:23 / All) shadowzz: im behind
(13:31 / All) shadowzz: from the beginning
(13:31 / All) IIIllIlIIllIIIl: YA THINK?
(13:40 / All) shadowzz: cuz i was afk
(13:44 / All) IIIllIlIIllIIIl: SO SAD
(13:46 / All) IIIllIlIIllIIIl: ;(
(13:55 / All) shadowzz: whats so sad
(14:04 / All) IIIllIlIIllIIIl: EVERYTHING
(14:15 / All) shadowzz: r u gonna cry lil baby?
(16:21 / All) shadowzz: im still alive. wow u suk
(16:26 / All) shadowzz: horrible
(16:29 / All) IIIllIlIIllIIIl: SORRY I WAS AFK
(16:34 / All) shadowzz: wow
(16:36 / All) shadowzz: >.>
(18:25 / All) shadowzz: r u lile happy as hell now?
(18:26 / All) IIIllIlIIllIIIl: YOUR UNITS ARE GOING BONKKERS AGAIN
(18:27 / All) IIIllIlIIllIIIl: ARE YOU AFK?